 Dungeon Crawl Stone Soup version 0.26-a0-652-gafc20e3620 (webtiles) character file.

Game seed: 7981714731043290250

86 DoubleLucky the Insei (level 4, -2/29 HPs)
             Began as an Octopode Transmuter on Oct 3, 2020.
             Slain by a gnoll
             ... wielding a +0 flail
              (7 damage)
             ... on level 3 of the Dungeon.
             The game lasted 00:06:41 (2260 turns).

DoubleLucky the Insei (Octopode Transmuter)         Turns: 2260, Time: 00:06:42

Health: -2/29      AC:  1    Str: 10    XL:     4   Next: 49%
Magic:  5/7        EV: 14    Int: 15    God:
Gold:   131        SH:  0    Dex: 12    Spells: 5/8 levels left

rFire    . . .     SeeInvis .     - Unarmed
rCold    . . .     Faith    .   (no shield)
rNeg     + . .     Spirit   .   (helmet restricted)
rPois    .         Reflect  .   (no amulet)
rElec    .         Harm     .   e - ring of positive energy
rCorr    .         Rampage  .   (no ring)
MR       .....                  (no ring)
Stlth    ++........             (no ring)
HPRegen  0.09/turn              (no ring)
MPRegen  0.10/turn              (no ring)
                                (no ring)
                                (no ring)

@: wereblooded
A: almost no armour, stealthy swim, amphibious, 8 rings, constrict 8, camouflage
1, gelatinous body 1
a: no special abilities


You were on level 3 of the Dungeon.
You visited 1 branch of the dungeon, and saw 3 of its levels.

You collected 131 gold pieces.

Inventory:

Hand Weapons
 q - a +2 hunting sling of flaming
Missiles
 a - 165 stones
 h - 2 poisoned darts (quivered)
 r - 29 sling bullets
Jewellery
 e - a ring of positive energy (left tentacle)
 m - a cursed amulet of the acrobat {unknown}
Scrolls
 b - a scroll of amnesia {unknown}
 c - 2 scrolls of teleportation {unknown}
 f - a scroll of blinking {unknown}
 g - 2 scrolls of identify {unknown}
 k - a scroll of enchant weapon {unknown}
 o - 3 scrolls of remove curse {unknown}
 p - a scroll of magic mapping {unknown}
Potions
 d - a potion of might {unknown}
 i - a potion of flight {unknown}
 j - a potion of degeneration {unknown}
 l - a potion of curing {unknown}
 n - a potion of mutation {unknown}


   Skills:
 + Level 2.0 Fighting
 + Level 2.6 Dodging
 + Level 3.5 Unarmed Combat
 + Level 2.5 Spellcasting
 + Level 2.6 Transmutations


You had 5 spell levels left.
You knew the following spells:

 Your Spells              Type           Power        Failure   Level
a - Beastly Appendage     Tmut           #.....       7%          1
b - Wereblood             Tmut           #.......     11%         2

Your spell library contained the following spells:

 Spells                   Type           Power        Failure   Level
 Spider Form              Tmut/Pois      #.........   36%         3
 Ice Form                 Ice/Tmut       #.......     77%         4
 Blade Hands              Tmut           #.........   89%         5


Dungeon Overview and Level Annotations

Branches:
Dungeon (3/15)

Altars:
Dithmenos


Innate Abilities, Weirdness & Mutations

You cannot wear most types of armour.
You are very stealthy in the water. (Stealth+)
You are amphibious.
You can wear up to eight rings at the same time.
You can use your tentacles to constrict eight enemies at once.
Your skin changes colour to match your surroundings (Stealth+).
Your rubbery body absorbs attacks. (AC +1, EV +1)


Message History

The gnoll is heavily wounded.
Your tentacle spike disappears.
You constrict the gnoll. The gnoll barely misses you.
The gnoll hits you with a +0 flail.
You tentacle-slap the gnoll but do no damage.
The gnoll is severely wounded.
You constrict the gnoll. The gnoll barely misses you. x2
The gnoll closely misses you.
You tentacle-slap the gnoll.
The gnoll is almost dead.
You constrict the gnoll.
The gnoll hits you from afar with a +0 halberd!
* * * LOW HITPOINT WARNING * * *
You tentacle-slap the gnoll.
You kill the gnoll!
The gnoll misses you. The gnoll misses you.
There is a stone staircase leading up here.
The gnoll hits you with a +0 flail!
You die...

.
g.##############
gg.g..#)@.......
##..g#g##..###
#.(.(g#.# #
........##..
((#.....# ....
##...#. ###..
##.# . #.##. #.
#. _.#. #. .
....


You could see 3 gnolls.

Vanquished Creatures
  A worker ant (D:2)
  A gnoll (D:3)
  An adder (D:2)
  A worm (D:3)
  A dart slug (D:1)
  A leopard gecko (D:2)
  A ball python (D:1)
  5 giant cockroaches
  6 goblins
  4 hobgoblins
  2 jackals (D:1)
  4 kobolds
  2 bats
  2 frilled lizards
  4 rats
36 creatures vanquished.

Notes
Turn   | Place    | Note
-------+----------+-------------------------------------------
     0 | D:1      | DoubleLucky the Octopode Transmuter began the quest for the
                  | Orb.
     0 | D:1      | Reached XP level 1. HP: 13/13 MP: 3/3
   266 | D:1      | Reached XP level 2. HP: 18/18 MP: 3/5
   448 | D:1      | Learned a level 2 spell: Wereblood
   913 | D:1      | Reached XP level 3. HP: 21/23 MP: 6/6
  1830 | D:2      | Reached XP level 4. HP: 29/29 MP: 7/7
  2233 | D:3      | Found a shadowy altar of Dithmenos.
  2260 | D:3      | Slain by a gnoll

Illustrated notes

Levels and vault maps discovered:
D:1:      dpeg_arrival_signposts, layout_basic
D:2:      layout_basic
D:3:      cheibrodos_fertilizer, layout_loops_ring,
          nicolae_dithmenos_through_a_glass_darkly, grunt_temple_overflow_open,
          roderic_roman_lattice, minmay_statues_item

Skill      XL: |  1  2  3  4 |
---------------+-------------+-----
Fighting       | 2 |  2.0
Dodging        | |  2.6
Unarmed Combat | |  3.5
Spellcasting   | |  2.5
Transmutations | |  2.6

Action                   |  1- 3 |  4- 6 || total
-------------------------+-------+-------++-------
Melee: Unarmed           |    60 |    11 ||    71
       Constrict         |    17 |     2 ||    19
       Tentacles         |     8 |     2 ||    10
       Kick              |     6 |     1 ||     7
Throw: Stone             |     4 |       ||     4
       Dart              |    38 |     9 ||    47
 Cast: Beastly Appendage |    13 |     1 ||    14
       Wereblood         |       |     1 ||     1
 Stab: Sleeping          |     4 |     1 ||     5
Armor: Skin              |     6 |     1 ||     7
Dodge: Dodged            |    32 |     8 ||    40

Table legend: (Time is in decaauts)
 A = Elapsed time spent in this place.
 B = Non-inter-level travel time spent in this place.
 C = Inter-level travel time spent in this place.
 D = Time resting spent in this place.
 E = Time spent auto-exploring this place.
 F = Levels seen in this place.
 G = Mean time per level.
                   A        B        C        D        E       F      G
               +--------+--------+--------+--------+--------+-----+--------+
         Total |   2254 |   2105 |    149 |      0 |   1742 |   3 |  751.3 |
       Dungeon |   2254 |   2105 |    149 |      0 |   1742 |   3 |  751.3 |
               +--------+--------+--------+--------+--------+-----+--------+

Top non-repeatable levels by time:
     D:1: 1226 daAuts
     D:2: 1002 daAuts
     D:3: 25 daAuts
